 Dungeon Crawl Stone Soup version 0.26-a0-259-g1effd001a9 (webtiles) character file.

Game seed: 8800007756280870956

111 drasked the Firebug (level 4, -6/24 HPs)
             Began as a Deep Elf Fire Elementalist on July 14, 2020.
             Mangled by an iguana (13 damage)
             ... on level 3 of the Dungeon.
             The game lasted 00:03:48 (2340 turns).

drasked the Firebug (Deep Elf Fire Elementalist)    Turns: 2340, Time: 00:03:49

Health: -6/24      AC:  3    Str:  5    XL:     4   Next: 62%
Magic:  5/10       EV: 13    Int: 21    God:
Gold:   104        SH:  0    Dex: 15    Spells: 8/9 levels left

rFire    . . .     SeeInvis .   l - +0 rapier
rCold    . . .     Faith    .   (no shield)
rNeg     . . .     Spirit   .   a - +0 robe
rPois    .         Reflect  .   h - +0 helmet
rElec    .         Harm     .   (no cloak)
rCorr    .                      (no gloves)
MR       .....                  (no boots)
Stlth    ++........             (no amulet)
HPRegen  0.08/turn              (no ring)
MPRegen  0.12/turn              (no ring)

@: no status effects
A: no striking features
a: no special abilities


You were on level 3 of the Dungeon.
You were not hungry.

You visited 1 branch of the dungeon, and saw 3 of its levels.

You collected 104 gold pieces.

Inventory:

Hand Weapons
 l - a +0 rapier (weapon)
   (You found it on level 2 of the Dungeon)
Armour
 a - a +0 robe (worn)
 h - a +0 helmet (worn)
   (You found it on level 1 of the Dungeon)
Scrolls
 d - a scroll of remove curse {unknown}
 f - a scroll of fog {unknown}
 g - 2 scrolls of blinking {unknown}
 j - a scroll of fear {unknown}
 k - a scroll of random uselessness {unknown}
 m - a scroll of amnesia {unknown}
 o - a scroll of identify {unknown}
Potions
 b - a potion of heal wounds {unknown}
 c - a potion of flight {unknown}
 i - a potion of curing {unknown}
 n - a potion of resistance {unknown}
Comestibles
 e - 8 rations


   Skills:
 - Level 2.4 Dodging
 - Level 2.4 Stealth
 - Level 3.0 Spellcasting
 + Level 3.5 Conjurations
 + Level 4.8 Fire Magic


You had 8 spell levels left.
You knew the following spells:

 Your Spells              Type           Power        Failure   Level
a - Foxfire               Conj/Fire      ###.         2%          1

Your spell library contained the following spells:

 Spells                   Type           Power        Failure   Level
 Conjure Flame            Conj/Fire      ###.....     7%          3
 Inner Flame              Hex/Fire       ##......     16%         3
 Sticky Flame             Conj/Fire      ###.....     24%         4
 Fireball                 Conj/Fire      ###.......   54%         5


Dungeon Overview and Level Annotations

Branches:
Dungeon (3/15)

Altars:
Dithmenos


Message History

The gnoll hits you from afar with a +0 halberd.
The foxfire hits the gnoll.
You conjure some foxfire!
The gnoll misses you.
The foxfire hits the gnoll. x2
You kill the gnoll!
Your Conjurations skill increases to level 3!
You have reached level 4!
You feel clever.
You conjure some foxfire!
The foxfire hits the gnoll!
You kill the gnoll!
The foxfire hits the gnoll.
The gnoll misses you.
You conjure some foxfire!
The foxfire hits the gnoll. x2; The gnoll closely misses you.
Unknown command.
You conjure some foxfire!
* * * LOW MAGIC WARNING * * *
The gnoll closely misses you.
The foxfire hits the gnoll. x2
You kill the gnoll!
You start resting.
Your magical contamination has completely faded away.
You start resting.
You start resting.
Things that are here:
a +0 spear; a +0 club You see here a +0 halberd.
You now have 95 gold pieces (gained 9).
A gnoll comes into view. It is wielding a +0 whip.
You conjure some foxfire!
The gnoll shouts!
The foxfire hits the gnoll.
The foxfire hits the gnoll.
You conjure some foxfire!
The foxfire hits the gnoll. x2; The gnoll misses you.
You conjure some foxfire!
The gnoll barely misses you.
The foxfire hits the gnoll.
You kill the gnoll!
n - a golden potion You start resting.
Things that are here:
a +0 whip; a gnoll corpse You now have 104 gold pieces (gained 9).
e - 9 rations (gained 2)
Found a stone staircase leading down.
Found a stone staircase leading up.
A rat comes into view.
There is a stone staircase leading up here.
You conjure some foxfire!
The foxfire hits the rat.
You kill the rat!
You start resting.
o - a scroll labeled NEEMEA VEPH You see here a short sword.
You eat one of the 9 rations.
That ration really hit the spot!
You see here a whip.
Done exploring.
Done exploring.
Done exploring.
Done exploring.
Done exploring.
Done exploring.
Done exploring.
Done exploring.
Done exploring.
There is a stone staircase leading down here.
You climb downwards.
An iguana, a bat and a hobgoblin come into view.
Found four items.
Found a stone staircase leading down.
There is a stone staircase leading up here.
You conjure some foxfire!
The hobgoblin shouts!
The hobgoblin completely misses you.
The iguana hisses angrily.
The foxfire hits the bat!
You kill the bat!
The foxfire hits the hobgoblin.
An adder comes into view.
The hobgoblin hits you but does no damage.
You conjure some foxfire!
The adder hisses angrily.
The hobgoblin hits you.
The foxfire hits the hobgoblin. x2; The hobgoblin barely misses you.
You conjure some foxfire!
The hobgoblin hits you.
The foxfire hits the hobgoblin.
You kill the hobgoblin!
The foxfire hits the adder.
The adder misses you.
You conjure some foxfire!
The adder barely misses you.
The foxfire hits the iguana.
The foxfire hits the adder.
The adder barely misses you.
You conjure some foxfire!
The adder barely misses you. The iguana bites you!
Ouch! That really hurt!
* * * LOW HITPOINT WARNING * * *
The foxfire hits the adder.
You kill the adder!
The foxfire hits the iguana but does no damage.
The iguana closely misses you.
You conjure some foxfire!
The iguana bites you!
Ouch! That really hurt!
You die...

.. ..[. ...# .
. #... ...#.
.#. ..........
...#..#......
##.#?.#......
#.#............
#......lv......
#...†@.#
#...§v.$.....
#.......$...(
.........##..#.
.......... ...
..##.....## ##
# ...>..#
##.....#


You could see an iguana.

Levels and vault maps discovered:
D:1:      psy_arrival_statuary, layout_loops_ring, minmay_heptomino_h4
D:2:      layout_loops_ring, old_standard_altar, first_ration
D:3:      layout_basic, old_standard_altar, trog_hazing_becter

Notes
Turn   | Place    | Note
-------+----------+-------------------------------------------
     0 | D:1      | drasked the Deep Elf Fire Elementalist began the quest for
                  | the Orb.
     0 | D:1      | Reached XP level 1. HP: 10/10 MP: 6/6
   228 | D:1      | Identified a +0 dagger
   289 | D:1      | Reached XP level 2. HP: 15/15 MP: 6/8
   292 | D:1      | Identified a +0 club
   391 | D:1      | Identified a +0 club
   396 | D:1      | Reached skill level 2 in Conjurations
   497 | D:1      | Identified a +0 club
   620 | D:1      | Identified a +0 dagger
   623 | D:1      | Identified a +0 club
   750 | D:1      | Reached skill level 4 in Fire Magic
   821 | D:1      | Identified a +0 club
   824 | D:1      | Identified a +0 dagger
   835 | D:1      | Reached XP level 3. HP: 5/19 MP: 4/9
  1204 | D:1      | Identified a +0 dagger
  1319 | D:1      | Identified a +0 helmet (You found it on level 1 of the
                  | Dungeon)
  1367 | D:2      | Identified a +0 club
  1585 | D:2      | Identified a +0 dagger
  1610 | D:2      | Identified a +0 dagger
  1756 | D:2      | Identified a +0 rapier (You found it on level 2 of the
                  | Dungeon)
  1783 | D:2      | Identified a +0 club
  1993 | D:2      | Found a shadowy altar of Dithmenos.
  1994 | D:2      | Identified a +0 halberd
  1994 | D:2      | Identified a +0 club
  1994 | D:2      | Identified a +0 spear
  2020 | D:2      | Reached skill level 3 in Conjurations
  2020 | D:2      | Reached XP level 4. HP: 22/24 MP: 6/10
  2098 | D:2      | Identified a +0 whip
  2340 | D:3      | Mangled by an iguana

Table legend:
 A = Turns spent in this place as a percentage of turns spent in the entire game.
 B = Non-inter-level travel turns spent in this place as a percentage of non-inter-level travel turns spent in the entire game.
 C = Inter-level travel turns spent in this place as a percentage of turns spent in this place.
 D = Turns resting spent in this place as a percentage of non-inter-level travel turns spent in this place.
 E = Turns spent auto-exploring this place as a percentage of non-inter-level travel turns spent in this place.
 F = Non-inter-level travel turns spent in this place divided by the number of levels of this place that you've seen.
                   A       B       C       D       E      F
               +-------+-------+-------+-------+-------+----------------------
         Total | 100.0 | 100.0 |   1.8 |  35.6 |  49.6 | 766.0
       Dungeon | 100.0 | 100.0 |   1.8 |  35.6 |  49.6 | 766.0
               +-------+-------+-------+-------+-------+----------------------

Table legend:
 A = Kills in this place as a percentage of kills in entire the game.
 B = Kills by you in this place as a percentage of kills by you in the entire game.
 C = Kills by friends in this place as a percentage of kills by friends in the entire game.
 D = Other kills in this place as a percentage of other kills in the entire game.
 E = Experience gained in this place as a percentage of experience gained in the entire game.
 F = Experience gained in this place divided by the number of levels of this place that you have seen.
                   A       B       C       D       E      F
               +-------+-------+-------+-------+-------+----------------------
         Total | 100.0 | 100.0 |   N/A |   N/A | 100.0 |  53.0
       Dungeon | 100.0 | 100.0 |   N/A |   N/A | 100.0 |  53.0
               +-------+-------+-------+-------+-------+----------------------

Skill      XL: |  1  2  3 |
---------------+----------+-----
Conjurations   | 2 3 |  3.5
Fire Magic     | 4 |  4.8
Dodging        | |  2.4
Stealth        | |  2.4
Spellcasting   | |  3.0

Action                   |  1- 3 |  4- 6 || total
-------------------------+-------+-------++-------
 Cast: Foxfire           |    67 |    13 ||    80
  Eat: Ration            |     1 |     1 ||     2
Armor: Robe              |    12 |     1 ||    13
Dodge: Dodged            |    42 |    12 ||    54

Vanquished Creatures
  5 gnolls
  An adder (D:3)
  An ooze (D:1)
  2 dart slugs (D:1)
  A leopard gecko (D:1)
  6 goblins
  10 hobgoblins
  2 jackals (D:1)
  5 kobolds
  6 bats
  5 rats
44 creatures vanquished.

Vanquished Creatures (others)
  108 foxfires
108 creatures vanquished.

Grand Total: 152 creatures vanquished
